 Dungeon Crawl Stone Soup version 0.30-a0-629-gd54f4be4f7 (webtiles) character file.

Game seed: 9653953607373003378

223 bande the Shield-Bearer (level 6, -2/38 HPs)
             Began as a Gargoyle Fighter on Jan 13, 2023.
             Was an Initiate of Okawaru.
             Killed by divine providence
             ... invoked by an orc priest
              (12 damage)
             ... on level 4 of the Dungeon.
             The game lasted 00:04:54 (2820 turns).

bande the Shield-Bearer (Gargoyle Fighter)          Turns: 2820, Time: 00:04:55

Health: -2/38      AC: 13    Str: 19    XL:     6   Next: 0%
Magic:  6/6        EV:  8    Int:  9    God:    Okawaru [......]
Gold:   131        SH:  8    Dex: 11    Spells: 5/5 levels left

rFire   + . .      SeeInvis .    a - +0 war axe
rCold   + . .      Faith    .    e - +0 kite shield
rNeg    + . .      Spirit   .    b - +0 scale mail
rPois   ∞          Reflect  .    (no helmet)
rElec   +          Harm     .    (no cloak)
rCorr   .          Rampage  .    i - +0 pair of gloves
Will    .....                    c - +0 pair of boots Stlth
                                 (no amulet)
HPRegen 0.26/turn                k - ring of protection from cold
MPRegen 0.10/turn                l - ring of protection from fire

@: no status effects
A: sickness immunity, AC +4, negative energy resistance 1, electricity
resistance, torment resistance 1, petrification resistance
a: Renounce Religion


You were on level 4 of the Dungeon.
You worshipped Okawaru.
Okawaru was noncommittal.
You visited 2 branches of the dungeon, and saw 5 of its levels.

You collected 131 gold pieces.

Inventory:

Hand Weapons
 a - a +0 war axe (weapon)
Armour
 b - a +0 scale mail (worn)
 c - a +0 pair of boots (worn)
 e - a +0 kite shield (worn)
 i - a +0 pair of gloves (worn)
Jewellery
 k - a ring of protection from cold (left hand)
 l - a ring of protection from fire (right hand)
Wands
 h - a wand of charming (29)
 q - a wand of flame (3)
Scrolls
 n - 6 scrolls of amnesia {unknown}
 r - a scroll of identify
 t - a scroll of enchant weapon {unknown}
Potions
 d - a potion of might
 f - 2 potions of curing
 g - 3 potions of mutation
 j - a potion of brilliance {unknown}
 m - a potion of attraction {unknown}
 o - a potion of heal wounds {unknown}
 p - a potion of flight {unknown}
 s - a potion of haste {unknown}


   Skills:
 + Level 3.9 Fighting
 + Level 3.4 Axes
 + Level 4.2 Armour
 - Level 0.2 Stealth
 + Level 4.5 Shields
 * Level 1.2 Evocations


You had 5 spell levels left.
You didn't know any spells.
Your spell library contained the following spells:

 Spells                   Type           Power      Damage    Failure   Level
 Apportation              Tloc           0%         N/A       98%         1
 Necrotise                Necr           0%         1d4       98%         1
 Yara's Violent Unravell  Hex/Tmut       0%         3d3       100%        5
 Enfeeble                 Hex            0%         N/A       100%        7
 Summon Small Mammal      Summ           Unusable   N/A       N/A         1

Dungeon Overview and Level Annotations

Branches:
Dungeon (4/15)             Temple (1/1) D:4

Altars:
Cheibriados
Elyvilon
Fedhas
Nemelex Xobeh
Okawaru
Ru
Wu Jian
Xom
Zin
The Shining One


Innate Abilities, Weirdness & Mutations

You are immune to sickness and miasma.
Your stone body is resilient. (AC +4)
You are immune to poison.
You resist negative energy. (rN+)
You are resistant to electric shocks. (rElec)
You are resistant to unholy torment.
You are immune to petrification.


Message History

There is an open door here.
Things that are here:
a +0 club; a +0 ring mail; a +0 club
There is an escape hatch in the ceiling here.
Found 3 stones.
Found a blossoming altar of Fedhas.
An orc comes into view. It is wielding a +0 trident.
The orc shouts!
You hear a shout!
An orc comes into view. It is wielding a +0 hand axe.
An orc priest comes into view. It is wielding a +0 club.
A goblin comes into view. It is wielding a +0 dagger.
The goblin shouts!
An orc wizard comes into view. It is wielding a +0 dagger.
The orc priest mumbles some strange prayers to Beogh against you.
Beogh smites you!
An orc comes into view. It is wielding a +0 vampiric trident.
The orc shouts!
The orc priest mumbles some strange prayers to Beogh against you.
Beogh smites you! You block the orc's attack.
You are too injured to fight recklessly!
You are too injured to fight recklessly!
You are too injured to fight recklessly!
You are too injured to fight recklessly!
You are too injured to fight recklessly!
You are too injured to fight recklessly!
You are too injured to fight recklessly!
You are too injured to fight recklessly!
You are too injured to fight recklessly!
You are too injured to fight recklessly!
You are too injured to fight recklessly!
You are too injured to fight recklessly!
You are too injured to fight recklessly!
Unknown command.
The orc attacks as you move away! You block the orc's attack.
The orc hits you from afar with a +0 trident.
* * * LOW HITPOINT WARNING * * *
The goblin attacks as you move away! The goblin closely misses you.
The orc priest calls down the wrath of Beogh upon you.
Beogh smites you!
You die...

..## #.# #..# #####.#
#.....#
#..####.....########.....##
................<.........#
##.##........#######......#
##...........#######......##
.....##...............o.....
##...##.......#####..o.....#
###............@gooo.....#
#>......##.##########..#
##.......####........#
###........# #........#
........#..####..###...###
...####.......'.)#.)#..'.#
##.# #..##...'..#..#..'.#
##.## #..#..###...###..#.#
#..###.......#........#.#


You could see an orc priest, an orc wizard, 3 orcs and a goblin.

Vanquished Creatures
  A scorpion (D:4)
  Ijyb (D:4)
  7 adders
  2 dart slugs (D:2)
  An orc (D:4)
  2 ball pythons (D:1)
  8 endoplasms
  A giant cockroach (D:4)
  6 goblins
  4 hobgoblins
  8 jackals
  4 quokkas
  3 bats
  5 frilled lizards
  8 kobolds
  7 rats
68 creatures vanquished.

Vanquished Creatures (others)
  A fungus (D:1)
  A plant (D:1)
2 creatures vanquished.

Grand Total: 70 creatures vanquished

Notes
Turn   | Place    | Note
-------+----------+-------------------------------------------
     0 | D:1      | bande the Gargoyle Fighter began the quest for the Orb.
     0 | D:1      | Reached XP level 1. HP: 14/14 MP: 1/1
    81 | D:1      | Reached XP level 2. HP: 19/19 MP: 2/2
   233 | D:1      | Reached XP level 3. HP: 23/23 MP: 3/3
   635 | D:1      | Found a faded altar of an unknown god.
   953 | D:2      | Found an ornate altar of the Wu Jian Council.
  1133 | D:2      | Reached XP level 4. HP: 26/29 MP: 4/4
  1764 | D:3      | Reached XP level 5. HP: 33/33 MP: 5/5
  2088 | D:4      | Noticed Ijyb
  2118 | D:4      | Killed Ijyb
  2201 | D:4      | Found a snail-covered altar of Cheibriados.
  2309 | D:4      | Reached skill level 1 in Evocations
  2447 | D:4      | Reached XP level 6. HP: 38/38 MP: 6/6
  2452 | D:4      | Found a staircase to the Ecumenical Temple.
  2519 | Temple   | Entered the Ecumenical Temple
  2614 | Temple   | Became a worshipper of Warmaster Okawaru
  2753 | D:4      | Found a blossoming altar of Fedhas.
  2820 | D:4      | Killed from afar by an orc priest

Illustrated notes

Levels and vault maps discovered:
D:1:      minmay_arrival_four_circles, layout_loops_ring,
          shapermc_ecumenical_altar_ellora
D:2:      layout_basic, basic_altar
D:3:      layout_rooms, nicolae_overflow_hidden_temple
D:4:      layout_rooms, nicolae_dithmenos_through_a_glass_darkly,
          fedhas_altar_fruit_tree, lemuel_doored_altar, temple_green,
          kennysheep_generic_room_7, uniq_ijyb
Temple:   nicolae_temple_slightly_damp_pantheon

Skill      XL: |  1  2  3  4  5 |
---------------+----------------+-----
Axes           | 2 3 |  3.4
Shields        | 4 |  4.5
Armour         | 4 |  4.2
Evocations     | 1 |  1.2
Fighting       | |  3.9
Stealth        | |  0.2

Action                   |  1- 3 |  4- 6 || total
-------------------------+-------+-------++-------
Melee: War axe           |    95 |   125 ||   220
  Use: Scroll            |     3 |     2 ||     5
Armor: Scale mail        |    54 |    58 ||   112
Dodge: Dodged            |    37 |    39 ||    76
Block: Kite shield       |    53 |    64 ||   117

Table legend: (Time is in decaauts)
 A = Elapsed time spent in this place.
 B = Non-inter-level travel time spent in this place.
 C = Inter-level travel time spent in this place.
 D = Time resting spent in this place.
 E = Time spent auto-exploring this place.
 F = Levels seen in this place.
 G = Mean time per level.
                   A        B        C        D        E       F      G
               +--------+--------+--------+--------+--------+-----+--------+
         Total |   2936 |   2877 |     59 |    223 |   1893 |   5 |  587.2 |
       Dungeon |   2807 |   2748 |     59 |    223 |   1816 |   4 |  701.8 |
        Temple |    128 |    128 |      0 |      0 |     77 |   1 |  128.0 |
               +--------+--------+--------+--------+--------+-----+--------+

Top non-repeatable levels by time:
     D:1: 979 daAuts
     D:4: 704 daAuts
     D:2: 680 daAuts
     D:3: 442 daAuts
  Temple: 128 daAuts
